 Dungeon Crawl Stone Soup version 0.30.1-11-g7821555f0a (webtiles) character file.

Game seed: 16723927068063649041

93 Okkudo the Chopper (level 4, 0/39 HPs)
             Began as a Hill Orc Monk on Dec 2, 2023.
             Slain by Natasha (7 damage)
             ... on level 3 of the Dungeon.
             The game lasted 00:05:47 (1813 turns).

Okkudo the Chopper (Hill Orc Monk)                  Turns: 1813, Time: 00:05:48

Health: 0/39       AC:  3    Str: 15    XL:     4   Next: 61%
Magic:  4/4        EV: 12    Int: 16    God:
Gold:   118        SH:  0    Dex: 13    Spells: 3/3 levels left

rFire   . . .        a - +0 hand axe
rCold   . . .        d - orb {light}
rNeg    . . .        b - +0 robe
rPois   .            (no helmet)
rElec   .            (no cloak)
rCorr   .            u - +0 pair of gloves
SInv    .            (no boots)
Will    .....        (no amulet)
Stlth   +            w - +6 ring of intelligence
HPRegen 0.26/turn    (no ring)
MPRegen 0.09/turn

%: no passive effects
@: slowed, glowing, very slow
A: no striking features
a: no special abilities


You were on level 3 of the Dungeon.
You visited 1 branch of the dungeon, and saw 3 of its levels.

You collected 118 gold pieces.

Inventory:

Hand Weapons
 a - a +0 hand axe (weapon)
Missiles
 h - 14 poisoned darts (quivered)
Armour
 b - a +0 robe (worn)
 d - an orb of light (worn)
 m - a +0 pair of gloves
 o - a scarf of repulsion
 u - a +0 pair of gloves (worn)
Jewellery
 w - a +6 ring of intelligence (left hand)
Scrolls
 e - 4 scrolls of enchant armour {unknown}
 f - a scroll of vulnerability {unknown}
 i - a scroll of identify {unknown}
 j - a scroll of poison {unknown}
 l - a scroll of immolation {unknown}
 n - 2 scrolls of amnesia {unknown}
 q - a scroll of summoning {unknown}
 s - a scroll of teleportation {unknown}
Potions
 c - a potion of ambrosia
 g - a potion of resistance {unknown}
 k - a potion of heal wounds {unknown}
 p - 2 potions of haste {unknown}
 r - a potion of might {unknown}
 t - a potion of curing {unknown}
 v - a potion of flight {unknown}


   Skills:
 - Level 3.6 Fighting
 * Level 6.9 Axes
 - Level 2.4 Dodging


You had 3 spell levels left.
You didn't know any spells.
Your spell library was empty.

Dungeon Overview and Level Annotations

Branches:
Dungeon (3/15)

Altars:

Shops:
D:2 !   D:3 ((

Annotations:
D:3 Natasha


Message History

Natasha is moderately wounded.
You hit the adder but do no damage.
You feel sick. The adder misses you.
Natasha wildly gestures.
Natasha shimmers violently.
Natasha barely misses you.
You barely miss Natasha.
Natasha is moderately wounded.
You closely miss the adder.
You feel sick.
You are no longer poisoned.
The adder bites you.
You closely miss Natasha.
Natasha is moderately wounded.
You closely miss the adder. Natasha claws you.
The adder bites you but does no damage.
You hit Natasha.
Natasha is heavily wounded.
You barely miss the adder. The adder closely misses you. Natasha claws you!
* * * LOW HITPOINT WARNING * * *
You hit Natasha.
Natasha is heavily wounded.
You hit the adder.
You kill the adder!
Natasha closely misses you.
You hit Natasha.
Natasha is heavily wounded.
Natasha howls an incantation.
Natasha shimmers violently.
Natasha stares at you and mumbles some strange words.
You feel yourself slow down.
You hit Natasha.
Natasha is severely wounded.
Natasha claws you.
* * * LOW HITPOINT WARNING * * *
You barely miss Natasha.
Natasha is severely wounded.
Natasha barely misses you. x2
You hit Natasha but do no damage.
Natasha is severely wounded.
Natasha claws you!
You die...

# ######. #...... .
#..... . #..... #
#.$..## #.....
###..!h##### ## #
#....†@....### ..#
## #..........#.#
.. #.
#.............
#.###.
##.............
##..#..
##...........#.#
..##.#.#
#...........##.##.#
#.#.#
..........#.##....#
#...#
..........#.....#
##.##
...............#
#.#


You could see Natasha.

Vanquished Creatures
  Natasha (D:3)
  3 adders
  A worm (D:2)
  2 bats
  7 endoplasms
  3 goblins
  3 hobgoblins
  2 jackals (D:1)
  A quokka (D:1)
  4 ball pythons
  5 frilled lizards
  2 kobolds
  3 rats
37 creatures vanquished.

Notes
Turn   | Place    | Note
-------+----------+-------------------------------------------
     0 | D:1      | Okkudo the Hill Orc Monk began the quest for the Orb.
     0 | D:1      | Reached XP level 1. HP: 19/19 MP: 1/1
   202 | D:1      | Reached XP level 2. HP: 17/26 MP: 2/2
   435 | D:1      | Reached skill level 5 in Axes
   907 | D:2      | Found Liestrin's Distillery.
  1026 | D:2      | Reached XP level 3. HP: 31/31 MP: 3/3
  1456 | D:3      | Noticed Natasha
  1461 | D:3      | Reached skill level 6 in Axes
  1462 | D:3      | Killed Natasha
  1463 | D:3      | Reached XP level 4. HP: 27/39 MP: 4/4
  1545 | D:3      | Found Kerchaobu's Antique Weapon Shop.
  1788 | D:3      | Found Viesom's Weapon Shop.
  1798 | D:3      | Noticed Natasha
  1813 | D:3      | Slain by Natasha

Illustrated notes

Levels and vault maps discovered:
D:1:      shiori_arrival_oz, layout_loops_ring, minmay_tromino_v7
D:2:      layout_rooms, serial_shops,
          nicolae_shop_temple_entry_statues_fountains
D:3:      minmay_general_purpose_star, layout_rooms, serial_shops, shop,
          nicolae_shop_waterfront, nicolae_shop_tiny_glass, grunt_decor_cap,
          uniq_natasha

Skill      XL: |  1  2  3 |
---------------+----------+-----
Axes           | 5 6 |  6.9
Fighting       | |  3.6
Dodging        | |  2.4

Action                     |  1- 3 |  4- 6 || total
---------------------------+-------+-------++-------
  Melee: Hand axe          |    79 |    28 ||   107
 Armour: Robe              |    12 |     7 ||    19
  Dodge: Dodged            |    47 |    20 ||    67
